Map: Acropolis LE

Players

Serral - Winner!

  • Race: Zerg Zerg
  • League: Master
  • Spawn Location: 11:00

lIIllllIIlll (INnoVation)

  • Race: Terran Terran
  • League: Master
  • Spawn Location: 5:00

Event: HomeStory Cup XX

VOD

Have the link to the VOD?

Description

Time

  • Played on: Nov. 24, 2019, 1:59 p.m.
  • Length: 20:46

All games in this series

Show
View Real Time Build Order
Export as new Build Order

Serral Zerg - Winner!

Build Orders: Hatch First, Lurkers 

Get SALT Encoding   

  12  0:00  Drone  
  13  0:13  Overlord  
  13  0:16  Drone  
  14  0:31  Drone x2  
  16  0:47  Hatchery  
  15  0:51  Drone  
  15  0:54  Drone  
  17  0:58  Drone  
  18  1:08  Extractor  
  17  1:13  Spawning Pool  
  17  1:16  Drone  
  17  1:20  Drone  
  18  1:28  Drone  
  19  1:40  Drone  
  20  1:59  Queen x2, Overlord  
  20  2:00  Zergling x4  
  26  2:11  Drone  
  26  2:12  Metabolic Boost, Drone  
  28  2:21  Drone  
  28  2:22  Drone  
  30  2:33  Spore Crawler  
  29  2:40  Hatchery  
  29  2:42  Drone  
  30  2:46  Queen  
  32  2:52  Overlord  
  32  2:55  Drone  
  32  2:57  Drone  
  34  2:59  Drone  
  34  3:02  Drone  
  36  3:06  Pneumatized Carapace  
  36  3:12  Drone  
  37  3:13  Drone x2  
  37  3:15  Drone  
  40  3:20  Overlord  
  40  3:22  Drone  
  40  3:24  Drone  
  42  3:29  Queen  
  44  3:40  Drone x5  
  49  3:41  Drone  
  49  3:47  Overlord  
  50  3:50  Drone  
  50  3:54  Drone x2  
  53  3:55  Drone  
  53  3:57  Drone  
  53  3:59  Drone x2  
  56  4:03  Queen  
  56  4:07  Overlord  
  58  4:11  Overlord  
  58  4:17  Overlord  
  58  4:22  Lair  
  58  4:23  Overlord  
  58  4:26  Drone x4  
  58  4:27  Drone  
  58  4:28  Baneling Nest  
  62  4:33  Queen  
  62  4:35  Zergling x4  
  62  4:36  Zergling x2  
  67  4:40  Zergling x4  
  67  4:41  Extractor x2  
  67  4:42  Drone  
  67  4:43  Drone  
  67  4:45  Drone x3  
  72  4:50  Zergling x2  
  72  4:51  Drone  
  74  4:55  Drone  
  74  4:58  Drone x2  
  77  5:04  Hatchery  
  77  5:05  Drone  
  76  5:09  Drone x2  
  78  5:14  Extractor, Drone x2  
  78  5:15  Extractor, Drone  
  78  5:16  Drone x2  
  78  5:17  Overlord  
  78  5:19  Overseer  
  78  5:20  Evolution Chamber  
  80  5:21  Centrifical Hooks, Evolution Chamber  
  80  5:23  Overlord  
  81  5:28  Drone x2, Overlord  
  81  5:34  Baneling x6  
  81  5:35  Baneling x2  
  81  5:36  Zergling x8  
  85  5:43  Drone  
  85  5:44  Zergling x6  
  85  5:45  Zergling x2  
  85  5:48  Zergling x8  
  94  5:50  Zerg Melee Weapons Level 1  
  94  5:53  Overlord  
  94  5:58  Hydralisk Den  
  94  6:00  Overlord  
  93  6:04  Drone  
  93  6:05  Drone x3  
  93  6:09  Hatchery  
  93  6:10  Drone x2  
  98  6:13  Drone  
  98  6:15  Drone x4  
  98  6:17  Queen  
  105  6:24  Drone x4  
  105  6:25  Baneling x4  
  109  6:28  Muscular Augments  
  109  6:32  Extractor, Infestation Pit, Drone x2  
  110  6:33  Drone x2  
  110  6:34  Drone  
  110  6:37  Zergling x6  
  115  6:40  Zerg Ground Armor Level 1  
  114  6:49  Drone x3  
  114  6:51  Zergling x2  
  114  6:52  Zergling x4  
  119  6:55  Overlord x2  
  119  6:58  Overlord  
  119  6:59  Hatchery  
  118  7:02  Overlord  
  118  7:11  Hive  
  118  7:12  Lurker Den, Drone  
  118  7:15  Zergling x22  
  127  7:17  Baneling x7  
  127  7:27  Hydralisk x5  
  137  7:35  Drone  
  137  7:36  Extractor, Drone x3  
  140  7:37  Hydralisk x4  
  140  7:40  Grooved Spines  
  147  7:46  Hydralisk x2  
  147  7:47  Zergling x12  
  147  7:49  Zerg Melee Weapons Level 2  
  147  7:51  Overlord  
  157  8:03  Hydralisk x2  
  157  8:04  Zergling x8  
  165  8:10  Extractor  
  165  8:12  Drone x2  
  166  8:13  Drone  
  166  8:15  Seismic Spines, Overlord x2  
  166  8:16  Drone x4  
  170  8:29  Zergling x22  
  170  8:31  Viper x2  
  170  8:33  Zergling x16  
  183  8:38  Zergling x10  
  188  8:42  Overlord  
  188  8:44  Overlord x3  
  188  8:53  Spore Crawler  
  188  8:54  Overlord x2  
  187  8:56  Zerg Ground Armor Level 2  
  187  9:00  Queen  
  189  9:04  Lurker x6  
  195  9:15  Extractor, Drone x3, Spine Crawler  
  196  9:17  Spore Crawler  
  196  9:18  Hatchery  
  196  9:19  Lurker x2, Hydralisk x2  
  196  9:21  Overseer  
  185  9:39  Overseer  
  185  9:40  Hydralisk  
  185  9:41  Zergling x6, Adaptive Talons, Hydralisk  
  185  9:42  Zergling x14  
  199  9:48  Overseer, Hydralisk x4  
  190  9:54  Drone x3  
  190  9:56  Baneling x4  
  193  10:07  Lurker x4  
  189  10:09  Hydralisk x3  
  189  10:10  Zergling x16  
  188  10:19  Baneling  
  188  10:20  Baneling x6  
  186  10:21  Zerg Melee Weapons Level 3  
  186  10:25  Zergling x24  
  197  10:31  Lurker x2  
  197  10:32  Baneling x6  
  199  10:37  Viper x2  
  198  10:55  Baneling x7  
  198  11:02  Burrow  
  198  11:05  Ultralisk Cavern  
  197  11:15  Viper x2  
  195  11:24  Hatchery  
  194  11:28  Lurker x3  
  194  11:30  Hydralisk  
  199  11:43  Zerg Ground Armor Level 3  
  198  11:48  Drone  
  198  11:53  Chitinous Plating  
  199  11:57  Extractor  
  184  12:02  Drone x6  
  186  12:11  Drone x2  
  175  12:18  Hydralisk x12  
  199  12:39  Extractor x2  
  199  12:40  Spore Crawler  
  196  12:45  Overlord  
  196  12:56  Zergling x2  
  196  12:57  Zergling x10  
  199  12:58  Zerg Missile Weapons Level 1  
  199  13:03  Zergling x12  
  184  13:27  Hydralisk x2  
  184  13:28  Zergling x18  
  184  13:29  Zergling x2  
  184  13:30  Baneling x21  
  184  13:31  Baneling x3  
  196  13:39  Anabolic Synthesis  
  196  13:40  Spire  
  196  13:41  Spire  
  194  13:45  Overlord x2  
  194  13:47  Overseer  
  194  13:48  Overseer  
  194  13:49  Baneling x9  
  194  13:50  Drone x2  
  194  13:53  Lurker x3  
  199  13:57  Baneling x8  
  199  13:59  Overlord  
  199  14:01  Overseer  
  199  14:04  Hatchery  
  198  14:12  Zergling x2  
  188  14:37  Viper x2  
  190  14:43  Hydralisk x3  
  190  14:44  Zergling x12  
  192  14:49  Zergling x26  
  184  14:55  Zergling x20  
  184  14:56  Zergling x12  
  184  14:57  Zerg Flyer Weapons Level 1, Zerg Flyer Armor Level 1, Zerg Missile Weapons Level 2  
  200  15:11  Hatchery, Baneling  
  200  15:12  Baneling x7  
  199  15:16  Baneling x4  
  199  15:17  Overseer  
  199  15:19  Baneling x3  
  199  15:23  Overseer  
  188  15:29  Hydralisk x4  
  188  15:30  Zergling x22  
  167  15:40  Hydralisk x2  
  167  15:41  Zergling x2, Hydralisk x2  
  167  15:42  Zergling x48  
  199  15:52  Baneling x7  
  199  16:00  Hatchery  
  191  16:14  Baneling x3  
  191  16:17  Baneling x12  
  189  16:27  Zergling x22  
  189  16:28  Zergling x2  
  195  16:37  Baneling x10  
  194  16:43  Zergling x24  
  178  16:54  Corruptor x7  
  167  16:58  Corruptor x2, Drone  
  167  16:59  Corruptor x2  
  189  17:03  Zergling x8, Ultralisk  
  189  17:06  Baneling x2  
  199  17:14  Overseer x2  
  199  17:19  Overseer x2, Baneling x17  
  199  17:21  Zerg Flyer Weapons Level 2, Zerg Flyer Armor Level 2  
  199  17:25  Extractor x2  
  199  17:26  Drone x2  
  199  17:35  Baneling x6  
  199  17:43  Baneling x8  
  155  18:00  Corruptor x3  
  155  18:01  Corruptor x2  
  145  18:09  Zergling x34, Ultralisk x2  
  166  18:13  Overlord  
  166  18:15  Drone x5  
  166  18:16  Drone x3  
  166  18:17  Drone x3  
  176  18:21  Zergling x22  
  187  18:29  Drone x3  
  187  18:30  Overlord  
  187  18:31  Spore Crawler x2, Baneling  
  187  18:32  Baneling x9  
  187  18:33  Overseer  
  188  18:40  Zergling x24  
  200  18:46  Baneling x6  
  183  19:07  Zergling x24, Ultralisk x2  
  173  19:20  Zergling x30, Ultralisk x2  
  197  19:30  Zergling x10  
  183  19:38  Drone x6  
  177  19:48  Drone x4  
  177  19:49  Zergling x2  
  177  19:50  Zergling x2  
  171  19:56  Drone x2  
  171  19:57  Drone x4  
  175  20:07  Drone x2  
  175  20:08  Drone  
  175  20:09  Drone x2  
  175  20:11  Baneling x12  
  180  20:16  Zergling x10  
  180  20:19  Baneling x5  
  180  20:20  Baneling x2  
  185  20:22  Baneling x2  
  185  20:25  Overlord  
Show
View Real Time Build Order
Export as new Build Order

lIIllllIIlll Terran 

Build Orders: Reaper Expand 

Get SALT Encoding   

  12  0:00  SCV  
  13  0:12  SCV  
  14  0:16  Supply Depot  
  14  0:25  SCV  
  15  0:38  SCV  
  15  0:39  Barracks  
  16  0:43  Refinery  
  16  0:50  SCV  
  17  1:02  SCV  
  18  1:14  SCV  
  19  1:26  Orbital Command, Reaper  
  20  1:39  Command Center  
  20  1:51  Supply Depot  
  20  1:52  SCV  
  21  1:58  Marine  
  22  2:04  SCV  
  23  2:08  Factory  
  23  2:16  SCV  
  23  2:20  Barracks Reactor  
  24  2:28  SCV  
  25  2:41  Command Center, SCV  
  26  2:52  Orbital Command  
  26  2:53  SCV  
  27  2:59  Starport  
  27  3:05  Refinery  
  27  3:06  SCV  
  27  3:12  Hellion  
  30  3:15  Hellion  
  30  3:18  SCV  
  30  3:19  SCV  
  34  3:22  Barracks Tech Lab  
  34  3:32  SCV x2  
  36  3:35  Viking  
  36  3:38  Hellion  
  36  3:40  Hellion  
  42  3:46  SCV x2  
  44  3:54  Orbital Command  
  43  3:58  SCV x2  
  43  3:59  Stimpack  
  45  4:10  SCV x2  
  45  4:15  Starport Reactor  
  45  4:16  Factory Tech Lab  
  46  4:17  Barracks  
  46  4:18  Barracks  
  46  4:22  SCV x2  
  46  4:23  Marine  
  49  4:32  Engineering Bay  
  49  4:33  Orbital Command  
  49  4:34  SCV x2  
  49  4:35  Refinery, Engineering Bay  
  51  4:40  Supply Depot  
  51  4:43  Marine  
  51  4:44  Refinery  
  52  4:46  SCV x2  
  54  4:56  Supply Depot  
  54  4:58  SCV x2  
  54  4:59  Terran Infantry Weapons Level 1  
  56  5:00  Marine, Terran Infantry Armor Level 1  
  56  5:02  Starport Reactor  
  56  5:03  SCV  
  58  5:09  Marine x2  
  58  5:10  SCV  
  58  5:11  SCV  
  62  5:16  Marine  
  62  5:17  Marine  
  62  5:18  SCV  
  62  5:19  Supply Depot  
  62  5:21  Siege Tank  
  68  5:22  SCV  
  68  5:23  SCV  
  68  5:24  Marine  
  71  5:29  Supply Depot  
  71  5:30  SCV  
  71  5:35  SCV x2  
  74  5:37  Marine x3  
  74  5:40  Marine, Medivac x2  
  74  5:42  Marine  
  83  5:45  Supply Depot  
  83  5:47  SCV x2  
  83  5:48  Supply Depot  
  85  5:51  SCV  
  85  5:54  Marine  
  85  5:55  Marine x2  
  89  5:58  Marine  
  89  5:59  Supply Depot, SCV x2  
  89  6:00  Marine, Armory  
  93  6:04  Factory  
  93  6:06  SCV  
  93  6:07  Siege Tank  
  97  6:19  SCV x3  
  97  6:22  Supply Depot  
  97  6:24  Marine  
  97  6:25  Refinery, Marine x3  
  104  6:26  Refinery  
  104  6:28  Barracks x2  
  104  6:31  SCV x2  
  104  6:32  SCV  
  107  6:38  Medivac x2  
  111  6:40  Supply Depot  
  111  6:43  SCV  
  111  6:44  SCV x2  
  114  6:51  Marine x3  
  114  6:52  Marine x2, Factory Reactor  
  119  6:54  Terran Infantry Weapons Level 2, Supply Depot  
  119  6:58  Terran Infantry Armor Level 2  
  119  7:00  SCV  
  119  7:01  SCV  
  121  7:02  SCV  
  121  7:05  Siege Tank  
  125  7:16  Supply Depot, Missile Turret  
  125  7:18  Combat Shield  
  125  7:24  SCV x2  
  125  7:25  SCV  
  125  7:29  Drilling Claws, Command Center, Barracks Reactor x2  
  128  7:31  Terran Vehicle And Ship Armor Level 1  
  128  7:33  Widow Mine  
  128  7:35  Widow Mine  
  132  7:40  Marine  
  132  7:41  Marine x4  
  132  7:43  Siege Tank  
  140  7:50  Supply Depot  
  139  7:51  Supply Depot  
  139  7:58  Widow Mine x2, Marine x2  
  143  7:59  Marine x2, Marauder  
  143  8:04  Supply Depot x2  
  143  8:05  Supply Depot  
  149  8:17  Medivac x2, Barracks  
  149  8:18  Barracks  
  149  8:19  Barracks  
  153  8:21  Widow Mine x2  
  153  8:24  Siege Tank  
  152  8:36  Marine x7, Marauder  
  152  8:39  Concussive Shells  
  157  8:42  Planetary Fortress  
  157  8:43  SCV x3  
  157  8:47  Sensor Tower  
  160  8:49  Medivac x2  
  160  8:55  SCV x3  
  166  8:56  Marine  
  166  8:57  Widow Mine x2  
  166  8:58  Marauder, Siege Tank  
  177  9:07  SCV x3  
  177  9:08  Refinery  
  180  9:10  Refinery, Command Center  
  180  9:11  Barracks Tech Lab x3  
  180  9:12  Sensor Tower  
  180  9:15  Marine x5, Missile Turret  
  180  9:16  Missile Turret  
  185  9:22  Terran Infantry Weapons Level 3  
  185  9:23  SCV  
  185  9:24  SCV x2  
  188  9:35  Siege Tank  
  179  9:40  Missile Turret  
  179  9:44  Missile Turret  
  179  9:45  Marauder x4  
  185  9:46  Missile Turret  
  185  9:49  Marine  
  185  9:50  Marine x6  
  185  9:51  Liberator x2  
  190  10:07  Siege Tank  
  190  10:13  Marauder  
  195  10:15  Marauder  
  195  10:21  Marauder  
  195  10:23  Command Center  
  195  10:24  Command Center  
  196  10:28  Starport  
  196  10:29  Starport  
  196  10:31  Fusion Core  
  196  10:39  Siege Tank  
  197  10:45  Missile Turret  
  197  10:46  Missile Turret  
  197  10:50  Terran Vehicle And Ship Armor Level 2  
  197  10:52  Marine x6, Ghost Academy  
  200  11:00  Terran Infantry Armor Level 3  
  200  11:07  Command Center  
  200  11:10  Command Center  
  200  11:11  Liberator x2  
  186  11:26  Starport Reactor x2, Advanced Ballistics  
  191  11:42  Missile Turret  
  191  11:44  Command Center  
  190  11:48  Liberator  
  190  11:49  Marauder x2  
  190  11:50  Marauder x2  
  190  11:51  Enhanced Shockwaves  
  196  12:01  Planetary Fortress  
  199  12:11  Ghost x2  
  193  12:21  Ghost x2  
  193  12:22  Refinery  
  196  12:34  Missile Turret x2  
  196  12:35  Orbital Command x2, Missile Turret  
  196  12:40  Ghost x2, Missile Turret  
  196  12:41  Liberator  
  200  12:44  Refinery, Liberator  
  200  12:45  Missile Turret  
  200  12:46  Liberator x2  
  200  12:47  Liberator  
  200  12:53  Liberator  
  200  12:54  Neosteel Armor  
  157  13:21  Marine x4, Marauder x3  
  157  13:22  Marine x4, Marauder  
  165  13:33  Planetary Fortress  
  163  13:37  Hi-Sec Auto Tracking  
  163  13:39  Marine x2  
  163  13:40  Liberator x2  
  165  13:41  Medivac  
  165  13:44  Medivac  
  165  13:46  Medivac x2  
  173  13:52  Orbital Command x2  
  179  14:03  Marauder x4, Marine x8  
  195  14:11  SCV x5  
  195  14:13  Sensor Tower  
  195  14:14  Missile Turret  
  195  14:15  Terran Vehicle And Ship Armor Level 3  
  200  14:20  Liberator  
  200  14:21  Liberator x2  
  200  14:25  Personal Cloaking  
  200  14:28  Ghost Academy  
  188  14:35  Missile Turret  
  188  14:36  Missile Turret  
  188  14:41  SCV x4  
  188  14:42  SCV  
  188  14:45  Command Center  
  188  14:46  Liberator  
  188  14:47  Liberator  
  188  14:50  Refinery  
  188  14:52  Refinery  
  184  14:53  Missile Turret  
  184  14:54  Sensor Tower, Missile Turret  
  184  14:56  Sensor Tower  
  184  15:01  Liberator  
  184  15:05  Ghost x2  
  184  15:06  Ghost  
  196  15:14  Missile Turret  
  196  15:15  Missile Turret  
  199  15:24  Missile Turret  
  156  15:35  SCV  
  156  15:36  SCV x4  
  156  15:37  SCV  
  156  15:40  Missile Turret x2  
  156  15:41  Refinery  
  162  15:45  SCV x2  
  162  15:48  SCV x4  
  168  15:58  Missile Turret  
  168  16:00  Sensor Tower, Missile Turret  
  168  16:01  Ghost x3  
  174  16:05  Liberator x5  
  174  16:07  Marine x2  
  184  16:29  Liberator  
  181  16:33  Planetary Fortress  
  181  16:36  Missile Turret  
  181  16:37  Missile Turret  
  173  16:47  Liberator  
  173  16:48  Liberator x4  
  170  16:57  Command Center  
  167  17:07  Marauder x3, Marine x2  
  190  17:10  Marine x2  
  190  17:11  Marine x2  
  190  17:14  Marine x3  
  197  17:25  Marine x2  
  197  17:26  Missile Turret  
  197  17:27  Missile Turret  
  197  17:28  Marine  
  200  17:33  Command Center  
  200  17:35  Command Center  
  200  17:46  Terran Ship Weapons Level 1  
  175  17:59  Marine  
  175  18:00  Marine x10  
  175  18:04  Liberator x2  
  158  18:09  Medivac x2  
  158  18:10  Ghost  
  155  18:17  Marine  
  155  18:18  Marine x4, Ghost x3  
  165  18:22  Marine  
  165  18:23  Marine x2  
  165  18:24  Widow Mine x3  
  179  18:34  SCV x2  
  179  18:35  Marine x3, SCV x2  
  179  18:39  Ghost  
  188  18:43  Planetary Fortress  
  188  18:46  Widow Mine x3, Missile Turret, Ghost x3  
  188  18:48  Refinery  
  200  19:01  SCV x3  
  179  19:07  Ghost  
  179  19:08  Marine  
  179  19:09  Marine x7  
  164  19:15  Ghost  
  139  19:18  Marauder x2  
  139  19:21  Orbital Command  
  133  19:24  SCV x5  
  133  19:26  Marine  
  125  19:37  Marauder  
  126  19:38  Marine x4  
  126  19:39  Marine x3  
  126  19:40  Marauder x2  
  126  19:44  Marauder, Marine  
  140  19:51  Refinery x2  
  132  19:56  Marine  
  132  19:57  Marine  
  132  19:58  Marine x3  
  120  20:07  Medivac x2  
  120  20:12  Widow Mine  
  120  20:13  Widow Mine x2  
  130  20:18  Marine, Marauder  
  130  20:20  Marine x4  
  137  20:22  Marine  
  137  20:26  Marine x5  
Tags
 
Add a new tag
Caveats
  • Supply blocks, unpowered buildings, or Contaminate may cause inaccurate times.
  • Supply counts are checked every 10 seconds.